 Dungeon Crawl Stone Soup version 0.31-a0-750-gfe7b580527 (webtiles) character file.

Game seed: 16535930650643918043

11 randomguy2701 the Trooper (level 2, -2/18 (27) HPs)
             Began as a Hill Orc Fighter on Sept 14, 2023.
             Slain by an adder (3 damage)
             ... on level 2 of the Dungeon.
             The game lasted 00:01:08 (991 turns).

randomguy2701 the Trooper (Hill Orc Fighter)         Turns: 991, Time: 00:01:09

HP:   -2/18 (27)    AC:  6    Str: 18    XL:     2   Next: 25%
MP:   2/2           EV:  9    Int:  8    God:
Gold: 101           SH:  4    Dex: 10    Spells: 1/1 levels left

rFire   . . .        a - +0 war axe
rCold   . . .        c - +0 buckler
rNeg    . . .        b - +0 scale mail
rPois   .            (no helmet)
rElec   .            (no cloak)
rCorr   .            (no gloves)
SInv    .            (no boots)
Will    .....        (no amulet) Stlth
                     (no ring)
HPRegen 0.23/turn    (no ring)
MPRegen 0.08/turn

%: no passive effects
@: very heavily drained
A: no striking features
a: no special abilities


You were on level 2 of the Dungeon.
You visited 1 branch of the dungeon, and saw 2 of its levels.

You collected 101 gold pieces.

Inventory:

Hand Weapons
 a - a +0 war axe (weapon)
Armour
 b - a +0 scale mail (worn)
 c - a +0 buckler (worn)
Scrolls
 e - 2 scrolls of teleportation {unknown}
 f - 2 scrolls of identify {unknown}
 h - a scroll of fear {unknown}
 j - a scroll of enchant armour {unknown}
 l - a scroll of immolation {unknown}
Potions
 d - a potion of might
 g - 2 potions of attraction {unknown}
 i - 2 potions of haste {unknown}
 k - a potion of cancellation {unknown}
 m - a potion of enlightenment {unknown}


   Skills:
 + Level 4.0 Fighting
 + Level 3.1 Axes
 + Level 3.4 Armour
 + Level 3.3 Shields


You had one spell level left.
You didn't know any spells.
Your spell library was empty.

Dungeon Overview and Level Annotations

Branches:
Dungeon (2/15)

Altars:


Message History

You are poisoned.
The adder poisons you! The quokka closely misses you.
The adder bites you but does no damage.
You miss the adder. You barely miss the quokka.
You feel sick. The quokka bites you. The adder bites you.
You block the quokka's attack.
You hit the adder.
The adder is moderately wounded.
You closely miss the quokka.
You feel sick. The adder completely misses you. The quokka closely misses you.
The adder bites you.
You are too injured to fight recklessly!
You are too injured to fight recklessly!
You are too injured to fight recklessly!
You are too injured to fight recklessly!
You are too injured to fight recklessly!
You are too injured to fight recklessly!
You are too injured to fight recklessly!
You are too injured to fight recklessly!
You are too injured to fight recklessly!
You are too injured to fight recklessly!
You are too injured to fight recklessly!
You are too injured to fight recklessly!
There are monsters nearby!
Unknown command.
You feel sick. The adder attacks as it pursues you! The adder bites you.
* * * LOW HITPOINT WARNING * * *
The quokka bites you.
* * * LOW HITPOINT WARNING * * *
You slash the quokka!
You kill the quokka!
You hit the adder.
* * * LOW HITPOINT WARNING * * *
You feel sick.
You are no longer poisoned.
The adder bites you.
* * * LOW HITPOINT WARNING * * *
The adder completely misses you.
You barely miss the adder.
The adder is heavily wounded.
The adder bites you.
You die...

....... .......
...$... .......
....... .......
###########.......
##........@..#
##..........S.#
####..............#
#................>#
#...##..............#
#.# #..............#
#..............#
##............##
##.........


You could see an adder.

Vanquished Creatures
  2 endoplasms (D:1)
  2 kobolds (D:1)
  A quokka (D:2)
  4 ball pythons
  A bat (D:1)
10 creatures vanquished.

Notes
Turn   | Place    | Note
-------+----------+-------------------------------------------
     0 | D:1      | randomguy2701 the Hill Orc Fighter began the quest for the
                  | Orb.
     0 | D:1      | Reached XP level 1. HP: 19/19 MP: 1/1
   573 | D:1      | Reached skill level 4 in Fighting
   605 | D:1      | Reached XP level 2. HP: 15/17 MP: 2/2
   991 | D:2      | Slain by an adder

Illustrated notes

Levels and vault maps discovered:
D:1:      denvon_arrival_planthouse, layout_loops_corners
D:2:      layout_rooms, grunt_ministairs_12

Skill      XL: |  1 |
---------------+----+-----
Fighting       | 4 |  4.0
Axes           | 3 |  3.1
Armour         | |  3.4
Shields        | |  3.3

Action                     || total
---------------------------++-------
  Melee: War axe           ||    35
 Armour: Scale mail        ||    31
  Dodge: Dodged            ||    13
  Block: Buckler           ||    11

Table legend: (Time is in decaauts)
 A = Elapsed time spent in this place.
 B = Non-inter-level travel time spent in this place.
 C = Inter-level travel time spent in this place.
 D = Time resting spent in this place.
 E = Time spent auto-exploring this place.
 F = Levels seen in this place.
 G = Mean time per level.
                   A        B        C        D        E       F      G
               +--------+--------+--------+--------+--------+-----+--------+
         Total |   1004 |    970 |     34 |      0 |    869 |   2 |  502.0 |
       Dungeon |   1004 |    970 |     34 |      0 |    869 |   2 |  502.0 |
               +--------+--------+--------+--------+--------+-----+--------+

Top non-repeatable levels by time:
     D:1: 931 daAuts
     D:2: 72 daAuts
